 Dungeon Crawl Stone Soup version 0.30-a0-715-gdb4ae3ece1 (webtiles) character file.

Game seed: 9157350611220580577

7737 mampy3000 the Cleaver (level 11, -1/145 HPs)
             Began as a Minotaur Berserker on Jan 24, 2023.
             Was a High Priest of Trog.
             Slain by a death yak (10 damage)
             ... on level 8 of the Dungeon.
             The game lasted 00:20:33 (7789 turns).

mampy3000 the Cleaver (Minotaur Berserker)          Turns: 7789, Time: 00:20:33

Health: -1/145     AC: 15    Str: 35    XL:     11   Next: 0%
Magic:  10/10      EV: 11    Int:  4    God:    Trog [*****.]
Gold:   657        SH:  0    Dex: 13    Spells: 10/10 levels left

rFire   . . .      SeeInvis .    N - +4 hand axe
rCold   . . .      Faith    .    (no shield)
rNeg    . . .      Spirit   .    w - +0 chain mail
rPois   .          Reflect  .    (helmet restricted)
rElec   .          Harm     .    t - +0 cloak
rCorr   .          Rampage  .    (no gloves)
Will    .....                    l - +0 pair of boots Stlth
                                 (no amulet)
HPRegen 0.44/turn                c - +6 ring of strength
MPRegen 0.12/turn                I - +6 ring of strength

@: berserking, very quick
A: horns 2, retaliatory headbutt
a: Renounce Religion, Berserk, Trog's Hand, Brothers in Arms


You were on level 8 of the Dungeon.
You worshipped Trog.
Trog was extremely pleased with you.
You visited 1 branch of the dungeon, and saw 9 of its levels.
You also visited: Ossuary.

You collected 657 gold pieces.

Inventory:

Hand Weapons
 a - a +0 hand axe
 N - a +4 hand axe (weapon)
Missiles
 k - 4 throwing nets
Armour
 g - an orb of wrath
 l - a +0 pair of boots (worn)
 t - a +0 cloak (worn)
 w - a +0 chain mail (worn)
Jewellery
 c - a +6 ring of strength (left hand)
 A - a ring of positive energy
 I - a +6 ring of strength (right hand)
 J - a +6 ring of strength
 Q - a ring of willpower
Wands
 x - a wand of mindburst (13)
 G - a wand of charming (16)
 H - a wand of polymorph (14)
Scrolls
 d - a scroll of silence {unknown}
 e - 15 scrolls of identify {unknown}
 f - 2 scrolls of immolation {unknown}
 h - a scroll of enchant armour {unknown}
 i - 15 scrolls of teleportation
 m - 2 scrolls of enchant weapon {unknown}
 p - a scroll of summoning {unknown}
 q - a scroll of vulnerability {unknown}
 s - 2 scrolls of amnesia {unknown}
 u - 4 scrolls of blinking
 v - a scroll of acquirement {unknown}
 y - 4 scrolls of fear {unknown}
 E - a scroll of fog {unknown}
 F - 2 scrolls of magic mapping {unknown}
 M - a scroll of poison {unknown}
 R - a scroll of torment {unknown}
Potions
 b - a potion of flight {unknown}
 j - 5 potions of might {unknown}
 n - a potion of magic {unknown}
 o - 5 potions of curing {unknown}
 r - a potion of ambrosia {unknown}
 z - 3 potions of degeneration {unknown}
 B - 2 potions of invisibility {unknown}
 C - 2 potions of brilliance {unknown}
 D - 3 potions of heal wounds {unknown}
 K - 2 potions of cancellation {unknown}
 L - a potion of lignification {unknown}
 O - a potion of haste {unknown}
 P - a potion of mutation {unknown}


   Skills:
 + Level 9.4 Fighting
 + Level 14.1 Axes
 + Level 11.0 Armour
 + Level 5.2 Dodging
 + Level 0.8 Stealth
 + Level 1.1 Evocations


You had 10 spell levels left.
You didn't know any spells.
Your spell library was empty.

Dungeon Overview and Level Annotations

Branches:
Dungeon (9/15)             Temple (0/1) D:6         Ossuary (visited)
   Lair: D:8-11         Orc: D:9-12

Altars:
Fedhas
Okawaru

Portals:
Abyss: D:3


Innate Abilities, Weirdness & Mutations

You have a pair of horns on your head.
You reflexively headbutt those who attack you in melee.


Message History

You slash the death yak!
The death yak is moderately wounded.
You hit the death yak but do no damage. You slash the death yak!
You hit the death yak.
The death yak is moderately wounded.
You hit the death yak. You hit the death yak but do no damage.
The death yak barely misses you. The death yak gores you!!
The death yak gores you!
You are too injured to fight recklessly!
You are too injured to fight recklessly!
You are too injured to fight recklessly!
You are too injured to fight recklessly!
You barely miss the death yak. You slash the death yak!
You hit the death yak but do no damage. You slash the death yak!
The death yak is lightly wounded.
You slash the death yak! x2; The death yak gores you! x2
* * * LOW HITPOINT WARNING * * *
The death yak gores you!
* * * LOW HITPOINT WARNING * * *
You slash the death yak!
The death yak is moderately wounded.
You barely miss the death yak. You hit the death yak. You slash the death yak!
The death yak is moderately wounded.
You hit the death yak. You barely miss the death yak. You slash the death yak!
The death yak is heavily wounded.
You hit the death yak. You slash the death yak! The death yak gores you!
* * * LOW HITPOINT WARNING * * *
The death yak closely misses you. The death yak barely misses you.
You hit the death yak. You headbutt the death yak!
The death yak is severely wounded.
You slash the death yak! You hit the death yak. You hit the death yak.
You headbutt the death yak.
The death yak is severely wounded.
You hit the death yak. x2; The death yak gores you!
* * * LOW HITPOINT WARNING * * *
The death yak gores you!
You die...

.. #.............##
...#........†.....#
...#........##.#.#
...............#..##
..............##...# ###
.............####..# #...#
................##.#.....#
...##...#...............#
#.......###....Y@..#....#
......#.# #.....YY.##..##
#.....#.###..........###
#...................##
.....§†..........####
.....)...........#
...............###
............#...
...........##....


You could see 3 death yaks.

Vanquished Creatures
  A two-headed ogre (D:9)
  The ghost of drugrobin the Carver, a novice DgDe (D:9)
  A troll (D:9)
  A hornet (D:7)
  2 wraiths (Ossuary)
  4 yaks (D:8)
  3 wyverns
  A basilisk (D:9)
  2 steam dragons
  Edmund (D:6)
  2 water moccasins
  3 orc warriors
  4 ice beasts
  The ghost of Bediveer the Prestidigitator, an amateur GnWn (D:3)
  3 ogres
  3 centaurs
  A kobold brigand (D:9)
  A phantom (D:6)
  2 elf zombies (D:5)
  2 bullfrogs
  A necrophage (D:4)
  3 scorpions
  3 elf skeletons (D:5)
  19 wights
  10 killer bees
  3 howler monkeys (D:9)
  A small abomination (D:3)
  5 hounds
  3 orc priests
  An iron imp (D:3)
  Ijyb (D:4)
  2 iguanas
  An orc wizard (D:7)
  9 adders
  5 gnolls
  A shadow imp (D:6)
  3 white imps
  An ufetubus (D:3)
  3 adder zombies (Ossuary)
  3 worms
  18 orcs
  5 bats
  9 endoplasms
  6 giant cockroaches
  8 hobgoblins
  6 jackals
  12 kobolds
  3 quokkas
  7 ball pythons
  A ball python skeleton (Ossuary)
  8 goblins
  A hobgoblin skeleton (Ossuary)
  A hobgoblin zombie (Ossuary)
  2 kobold zombies (Ossuary)
  2 orc skeletons
  An orc zombie (Ossuary)
  3 rats
210 creatures vanquished.

Vanquished Creatures (others)
  2 toadstools (D:1)
2 creatures vanquished.

Grand Total: 212 creatures vanquished

Notes
Turn   | Place    | Note
-------+----------+-------------------------------------------
     0 | D:1      | mampy3000 the Minotaur Berserker began the quest for the
                  | Orb.
     0 | D:1      | Reached XP level 1. HP: 19/19 MP: 0/0
   293 | D:1      | Reached XP level 2. HP: 18/27 MP: 1/1
   302 | D:1      | Reached skill level 4 in Axes
  1159 | D:2      | Reached ** piety under Trog
  1160 | D:2      | Reached XP level 3. HP: 31/33 MP: 2/2
  1857 | D:3      | Noticed an ice beast
  1871 | D:3      | Killed an ice beast
  1872 | D:3      | Reached skill level 5 in Axes
  1872 | D:3      | Reached XP level 4. HP: 41/41 MP: 3/3
  1872 | D:3      | Reached XP level 5. HP: 47/47 MP: 4/4
  2133 | D:3      | Found a transporter.
  2150 | D:3      | Found a transporter.
  2184 | D:3      | Noticed Bediveer's ghost (amateur GnWn)
  2208 | D:3      | Found a one-way gate to the infinite horrors of the Abyss.
  2223 | D:3      | Killed Bediveer's ghost
  2224 | D:3      | Reached skill level 6 in Axes
  2224 | D:3      | Reached XP level 6. HP: 48/53 MP: 5/5
  2561 | D:3      | Reached *** piety under Trog
  2901 | D:4      | Reached skill level 5 in Fighting
  2901 | D:4      | Reached skill level 5 in Armour
  3038 | D:4      | Noticed Ijyb
  3048 | D:4      | Killed Ijyb
  3137 | D:4      | Reached XP level 7. HP: 15/61 MP: 6/6
  3156 | D:4      | Reached skill level 7 in Axes
  3669 | D:5      | Entered Level 5 of the Dungeon
  3759 | D:5      | Reached skill level 8 in Axes
  3800 | D:5      | Reached XP level 8. HP: 44/70 MP: 7/7
  4075 | D:5      | Reached **** piety under Trog
  4217 | D:5      | Found a sand-covered staircase.
  4244 | D:5      | Reached skill level 9 in Axes
  4294 | Ossuary  | Entered an ossuary
  4392 | Ossuary  | Noticed a flying skull
  4399 | Ossuary  | Noticed a flying skull
  4425 | Ossuary  | Noticed a flying skull
  4725 | D:5      | Reached XP level 9. HP: 79/79 MP: 8/8
  4870 | D:6      | Noticed Edmund
  4876 | D:6      | Killed Edmund
  4877 | D:6      | Reached skill level 10 in Axes
  5408 | D:6      | Found a staircase to the Ecumenical Temple.
  5533 | D:7      | Found a blossoming altar of Fedhas.
  5560 | D:7      | Reached skill level 11 in Axes
  5560 | D:7      | Reached skill level 5 in Dodging
  5686 | D:7      | Found an iron altar of Okawaru.
  6020 | D:7      | Reached ***** piety under Trog
  6021 | D:7      | Reached skill level 12 in Axes
  6304 | D:7      | Reached XP level 10. HP: 55/88 MP: 9/9
  6504 | D:8      | Noticed a death yak
  6511 | D:8      | Noticed a death yak
  6514 | D:8      | Noticed a death yak
  6731 | D:9      | Reached skill level 10 in Armour
  6745 | D:9      | Found a runed translucent door.
  6745 | D:9      | Noticed drugrobin's ghost (novice DgDe)
  6749 | D:9      | Noticed a two-headed ogre
  6766 | D:9      | Killed a two-headed ogre
  6767 | D:9      | Reached skill level 13 in Axes
  7310 | D:9      | Reached skill level 1 in Evocations
  7457 | D:9      | Killed drugrobin's ghost
  7648 | D:8      | Reached skill level 14 in Axes
  7652 | D:8      | Reached XP level 11. HP: 83/97 MP: 10/10
  7789 | D:8      | Slain by a death yak

Illustrated notes

Levels and vault maps discovered:
D:1:      dpeg_arrival_water_fire, layout_basic, grunt_decor_one_mirror,
          hangedman_decor_growths, minmay_misc_feat_alley,
          chequers_serial_rivers_micro_c, minmay_gold_behind_fungi,
          minmay_distorted
D:2:      layout_basic
D:3:      layout_basic, gammafunk_ghost_abyssal_escape
D:4:      layout_rooms, uniq_ijyb
D:5:      layout_cave_pools, nicolae_ossuary_entry_catacombs
D:6:      layout_cave_pools, minmay_temple_entry_enclosed_plants, uniq_edmund
D:7:      layout_loops_cross, mainiacjoe_overflow_tiny_flanked,
          mainiacjoe_overflow_paths
D:8:      layout_cave_pools, dpeg_lair_monsters, serial_shops,
          nicolae_shop_trees, shop, shop, nicolae_shop_hallway_plus
D:9:      layout_roguey, hellmonk_ghost_happy_afterlife

Skill      XL: |  1  2  3  4  5  6  7  8  9 10 |
---------------+-------------------------------+-----
Axes           | 4 5 6 8 9 12 14 | 14.1
Fighting       | 4 5 6 7 9 |  9.4
Armour         | 4 5 6 7 9 11 | 11.0
Dodging        | 3 4 5 |  5.2
Evocations     | 1 |  1.1
Stealth        | |  0.8

Action                     |  1- 3 |  4- 6 |  7- 9 | 10-12 || total
---------------------------+-------+-------+-------+-------++-------
  Melee: Hand axe          |    91 |    79 |   304 |   115 ||   589
         Headbutt          |    10 |    14 |    55 |    26 ||   105
         Punch             |       |       |     6 |       ||     6
 Invoke: Berserk           |     1 |     3 |     5 |     5 ||    14
         Trog's Hand       |       |       |       |     1 ||     1
  Evoke: Wand              |       |       |       |     6 ||     6
    Use: Scroll            |       |       |       |     2 ||     2
 Armour: Leather armour    |     7 |       |       |       ||     7
         Animal skin       |     1 |       |       |       ||     1
         Ring mail         |    20 |    16 |       |       ||    36
         Chain mail        |       |     1 |   125 |    37 ||   163
  Dodge: Dodged            |    51 |    46 |   128 |    53 ||   278

Table legend: (Time is in decaauts)
 A = Elapsed time spent in this place.
 B = Non-inter-level travel time spent in this place.
 C = Inter-level travel time spent in this place.
 D = Time resting spent in this place.
 E = Time spent auto-exploring this place.
 F = Levels seen in this place.
 G = Mean time per level.
                   A        B        C        D        E       F      G
               +--------+--------+--------+--------+--------+-----+--------+
         Total |   7832 |   7573 |    259 |      0 |   5245 |  10 |  783.2 |
       Dungeon |   7441 |   7182 |    259 |      0 |   4993 |   9 |  826.8 |
       Ossuary |    391 |    391 |      0 |      0 |    252 |   1 |  391.0 |
               +--------+--------+--------+--------+--------+-----+--------+

Top non-repeatable levels by time:
     D:9: 1209 daAuts
     D:3: 1121 daAuts
     D:1: 1030 daAuts
     D:7: 961 daAuts
     D:5: 806 daAuts
     D:4: 803 daAuts
     D:2: 770 daAuts
     D:6: 658 daAuts
 Ossuary: 391 daAuts
     D:8: 80 daAuts
